 Dungeon Crawl Stone Soup version 0.28.0-45-g0d030f2227 (webtiles) character file.

Game seed: 8885007031232918228

4676 zeratav the Martial Artist (level 10, -1/71 HPs)
             Began as an Octopode Transmuter on Apr 6, 2022.
             Was a Follower of Ashenzari.
             Killed from afar by an acid dragon (12 damage)
             ... with a splash of acid
             ... on level 8 of the Dungeon.
             The game lasted 00:31:10 (11659 turns).

zeratav the Martial Artist (Octopode Transmuter)   Turns: 11659, Time: 00:31:11

Health: -1/71      AC: -2    Str: 16    XL:     10   Next: 44%
Magic:  12/13      EV: 15    Int: 16    God:    Ashenzari [*.....]
Gold:   477        SH:  8    Dex: 13    Spells: 6/14 levels left

rFire   x . .      SeeInvis .   j - +3 falchion "Octopus's Death" {vorpal, rElec rF- rCorr Str+3}
rCold   + . .      Faith    .   c - +0 buckler
rNeg    . . .      Spirit   .   n - +1 hat "Gaze Upon Infinity" {Elem, Alch} (curse)
rPois   +          Reflect  +   t - amulet of reflection
rElec   +          Harm     .   d - ring of protection from cold
rCorr   +          Rampage  .   f - +4 ring of slaying
Will    .....                   l - ring "At What Cost Knowledge?" {rPois, Self, Alch} (curse)
Stlth   ++........              (no ring)
HPRegen 0.21/turn               (no ring)
MPRegen 0.13/turn               (no ring)
                                (no ring)
                                (no ring)

@: corroded
A: almost no armour, amphibious, 8 rings, camouflage 1, gelatinous body 1,
(nimble swimmer 1), tentacles
a: Renounce Religion, Curse Item, Shatter the Chains


You were on level 8 of the Dungeon.
You worshipped Ashenzari.
Ashenzari was aware of your devotion.
You visited 2 branches of the dungeon, and saw 9 of its levels.
You also visited: Sewer.

You collected 477 gold pieces.

Inventory:

Hand Weapons
 h - a +1 spear
 j - the +3 falchion "Octopus's Death" (weapon) {vorpal, rElec rF- rCorr Str+3}
   (You found it on level 2 of the Dungeon)

   It inflicts extra damage upon your enemies.
   Str:       It affects your strength (+3).
   rF:        It makes you vulnerable to fire.
   rElec:     It insulates you from electricity.
   rCorr:     It protects you from acid and corrosion.
 E - a +2 spear
Armour
 c - a +0 buckler (worn)
 n - the cursed +1 hat "Gaze Upon Infinity" (worn) {Elem, Alch}
   (You found it on level 4 of the Dungeon)

   It has a curse which improves the following skills: Elements: Fire Magic, Ice
   Magic, Air Magic and Earth Magic.
   Alchemy:   Poison Magic and Transmutations.
 p - a +0 hat
Jewellery
 d - a ring of protection from cold (left tentacle)
 f - a +4 ring of slaying (right tentacle)
 l - the cursed ring "At What Cost Knowledge?" (on tentacle) {rPois, Self, Alch}
   (You found it on level 3 of the Dungeon)

   [ring of poison resistance]

   rPois:     It protects you from poison.
   It has a curse which improves the following skills: Introspection: Fighting
   and Spellcasting.
   Alchemy:   Poison Magic and Transmutations.
 m - an amulet of the acrobat
 t - an amulet of reflection (around mantle)
Wands
 s - a wand of paralysis (19)
 v - a wand of iceblast (10)
 B - a wand of acid (10)
Scrolls
 a - 4 scrolls of teleportation
 g - a scroll of fear
 i - a scroll of blinking
 q - 2 scrolls of fog
 u - 2 scrolls of identify
 w - 2 scrolls of magic mapping
 y - a scroll of enchant weapon
 z - 2 scrolls of enchant armour
 D - a scroll of brand weapon
Potions
 b - 4 potions of might
 e - 3 potions of curing
 k - a potion of mutation
 o - 3 potions of haste
 r - a potion of flight
 x - a potion of heal wounds
 A - a potion of resistance
 C - a potion of lignification


   Skills:
 + Level 6.6(7.5) Fighting
 + Level 6.9 Dodging
 * Level 10.0 Unarmed Combat
 - Level 2.0(2.6) Spellcasting
 + Level 6.9(8.3) Transmutations
 + Level 1.7(2.3) Ice Magic


You had 6 spell levels left.
You knew the following spells:

 Your Spells              Type           Power      Damage    Failure   Level
a - Beastly Appendage     Tmut           56%        N/A       1%          1
b - Spider Form           Tmut/Pois      15%        N/A       14%         3
c - Ice Form              Ice/Tmut       19%        N/A       28%         4

Your spell library contained the following spells:

 Spells                   Type           Power      Damage    Failure   Level
 Wereblood                Tmut           28%        N/A       1%          2
 Ignite Poison            Fire/Tmut/Pois 11%        N/A       24%         3
 Corpse Rot               Necr/Air       4%         N/A       36%         2
 Poisonous Vapours        Pois/Air       4%         N/A       36%         2
 Conjure Flame            Conj/Fire      2%         6-21      61%         3
 Alistair's Intoxication  Tmut/Pois      10%        N/A       78%         5
 Sticky Flame             Conj/Fire      2%         2d3       95%         4
 Freezing Cloud           Conj/Ice/Air   2%         6-21      99%         5
 Simulacrum               Ice/Necr       2%         N/A       100%        6


Dungeon Overview and Level Annotations

Branches:
Dungeon (8/15)             Temple (1/1) D:4           Sewer (visited)
   Lair: D:8-11

Altars:
Ashenzari
Cheibriados
Dithmenos
Elyvilon
Fedhas
Gozag
Kikubaaqudgha
Nemelex Xobeh
Okawaru
Qazlal
Ru
Trog
Uskayaw
Wu Jian
Xom
Zin
The Shining One


Innate Abilities, Weirdness & Mutations

You cannot wear most types of armour.
You are amphibious.
You can wear up to eight rings at the same time.
Your skin changes colour to match your surroundings (Stealth+).
Your rubbery body absorbs attacks. (AC +1, EV +1)
((You are camouflaged when in or above water. (Stealth+)))
You have tentacles for arms and can constrict up to eight enemies at once.


Message History

The wight completely misses you.
You hit the wight.
The wight is heavily damaged.
The wight misses you.
You hit the wight.
The wight is heavily damaged.
Your transformation is almost over.
The wight completely misses you. The wight closely misses you.
You bite the wight!
The wight is almost destroyed.
You feel yourself speed up. The wight hits you with a +3 hand axe!
You bite the wight!
You destroy the wight!
You bite the gnoll shaman!
The gnoll shaman is poisoned.
The gnoll shaman is heavily wounded.
The gnoll shaman barely misses you.
You bite the gnoll shaman!
You kill the gnoll shaman!
You hit the acid dragon but do no damage.
The acid dragon spits acid at you. The splash of acid hits you!!
* * * LOW HITPOINT WARNING * * *
The acid corrodes you!
You hit the acid dragon but do no damage.
You block the acid dragon's attack. The acid dragon barely misses you.
You barely miss the acid dragon. The acid dragon misses you. x2
You hit the acid dragon.
The acid dragon is lightly wounded.
You hit the acid dragon.
The acid dragon is poisoned.
The acid dragon is lightly wounded.
Your transformation has ended.
The +3 falchion "Octopus's Death" {vorpal, rElec rF- rCorr Str+3} unmelds from your body.
The cursed +1 hat "Gaze Upon Infinity" {Elem, Alch} unmelds from your body.
Your +0 buckler unmelds from your body.
The acid dragon misses you. The acid dragon claws you.
* * * LOW HITPOINT WARNING * * *
The acid dragon spits acid at you. The splash of acid hits you! You resist.
You die...

... ####### ...
#..<..# ... #.###.#
#'# #.# #.# #.#
#.###.## #.# #...#...
###.############.####
#.D.@............#
#S################
##)#.## ##S#.#
#.#Z#.# ##.#†#.# ##
#.#.# #.#.# #.#g#


You could see a water moccasin and an acid dragon (very poisoned, catching
breath).

Vanquished Creatures
  A wraith (D:8)
  6 yaks
  An acid dragon (D:6)
  4 water moccasins
  2 ice beasts (D:8)
  2 black bears
  3 sky beasts
  A necrophage (D:6)
  4 centaurs
  5 ogres
  2 phantoms
  A kobold brigand (D:8)
  A wyvern zombie (D:7)
  3 bullfrogs
  A gnoll sergeant (D:8)
  A scorpion (D:5)
  2 wights (D:8)
  3 howler monkeys
  3 centaur zombies
  3 jellies
  3 hounds (D:6)
  An orc priest (D:7)
  2 bullfrog skeletons
  A gnoll shaman (D:8)
  Terence (D:3)
  2 iguanas (D:5)
  2 orc wizards (D:7)
  A scorpion zombie (D:5)
  A howler monkey zombie (D:7)
  Robin (D:2)
  10 gnolls
  A howler monkey skeleton (D:4)
  10 adders
  2 white imps (D:7)
  2 ufetubi
  A worm (D:3)
  6 dart slugs
  24 orcs
  9 endoplasms
  4 giant cockroaches
  16 goblins
  8 hobgoblins
  4 kobolds
  7 quokkas
  9 ball pythons
  7 bats
  11 frilled lizards
  3 rats
198 creatures vanquished.

Vanquished Creatures (others)
  An adder (D:3)
  An endoplasm (D:3)
2 creatures vanquished.

Grand Total: 200 creatures vanquished

Notes
Turn   | Place    | Note
-------+----------+-------------------------------------------
     0 | D:1      | zeratav the Octopode Transmuter began the quest for the
                  | Orb.
     0 | D:1      | Reached XP level 1. HP: 13/13 MP: 3/3
   489 | D:1      | Reached XP level 2. HP: 11/18 MP: 3/5
  1171 | D:2      | Reached XP level 3. HP: 9/23 MP: 4/6
  1613 | D:2      | Reached XP level 4. HP: 29/29 MP: 5/7
  2014 | D:2      | Noticed Robin
  2022 | D:2      | Killed Robin
  2023 | D:2      | Reached skill level 4 in Unarmed Combat
  2558 | D:2      | Found a faded altar of an unknown god.
  2794 | D:2      | Reached XP level 5. HP: 34/34 MP: 8/8
  2845 | D:2      | Learned a level 3 spell: Spider Form
  3016 | D:2      | Identified the +3 falchion "Octopus's Death" {vorpal, rElec
                  | rF- rCorr Str+3}
  3691 | D:3      | Noticed Terence
  3697 | D:3      | Killed Terence
  3718 | D:3      | Found a stormy altar of Qazlal.
  4374 | D:3      | Found a bloodstained altar of Trog.
  4440 | D:4      | Noticed a phantom
  4468 | D:4      | Killed a phantom
  4469 | D:4      | Reached XP level 6. HP: 30/41 MP: 9/9
  4742 | D:3      | Reached skill level 5 in Unarmed Combat
  5263 | D:4      | Noticed a sky beast
  5374 | D:4      | Found a staircase to the Ecumenical Temple.
  5401 | Temple   | Entered the Ecumenical Temple
  5459 | Temple   | Became a worshipper of Ashenzari the Shackled
  6162 | D:4      | Killed a sky beast
  6163 | D:4      | Reached XP level 7. HP: 36/46 MP: 10/10
  6411 | D:5      | Entered Level 5 of the Dungeon
  6595 | D:5      | Found a glowing drain.
  6604 | Sewer    | Entered a sewer
  6615 | Sewer    | Identified the cursed +1 hat "Gaze Upon Infinity" {Elem,
                  | Alch} (You found it on level 4 of the Dungeon)
  6992 | Sewer    | Reached skill level 6 in Unarmed Combat
  6998 | Sewer    | Got Izol's Grimoire of Shifting Cold
  7287 | D:5      | Reached XP level 8. HP: 54/54 MP: 11/11
  7332 | D:5      | Found a shimmering altar of Xom.
  7363 | D:5      | Reached * piety under Ashenzari
  7718 | D:5      | Identified the +0 ring mail "Lebbol" {rN+}
  7765 | D:5      | Reached skill level 7 in Unarmed Combat
  8168 | D:5      | Reached skill level 5 in Dodging
  8168 | D:5      | Reached skill level 5 in Transmutations
  8546 | D:6      | Learned a level 4 spell: Ice Form
  8712 | D:6      | Reached XP level 9. HP: 32/62 MP: 12/12
  8716 | D:6      | Reached skill level 5 in Fighting
  9071 | D:6      | Reached skill level 8 in Unarmed Combat
 10643 | D:7      | Reached skill level 9 in Unarmed Combat
 10670 | D:7      | Reached XP level 10. HP: 18/71 MP: 11/13
 11288 | D:8      | Reached skill level 1 in Ice Magic
 11462 | D:8      | Noticed a brown ugly thing
 11643 | D:8      | Reached skill level 10 in Unarmed Combat
 11659 | D:8      | Killed from afar by an acid dragon

Illustrated notes

Levels and vault maps discovered:
D:1:      matt_arrival_debris, layout_basic
D:2:      layout_loops_corners, hellmonk_ecumenical_altar_lost_god, uniq_robin
D:3:      layout_basic, grunt_qazlal_clouds, lightli_temple_of_fire,
          nicolae_figureground_sparkle, uniq_terence
D:4:      layout_layer_cave, minmay_temple_entry_sparse_star
D:5:      layout_rooms, kennysheep_mini, portal_sewer_entry_d, hex_medium,
          wad_rectangle_vault
D:6:      layout_loops_ring
D:7:      layout_loops_ring
D:8:      minmay_imperfect_grid, layout_basic, mainiacjoe_overflow_alcove_4,
          nicolae_underground_beach
Temple:   mainiacjoe_temple_coin_purse

Skill      XL: |  1  2  3  4  5  6  7  8  9 10 |
---------------+-------------------------------+-----
Unarmed Combat | 4 5 6 7 9 10 | 10.0
Fighting       | 2 3 4 6 |  6.6
Dodging        | 3 4 5 6 |  6.9
Transmutations | 3 4 5 6 |  6.9
Ice Magic      | 1 |  1.7
Spellcasting   | |  2.0

Action                   |  1- 3 |  4- 6 |  7- 9 | 10-12 || total
-------------------------+-------+-------+-------+-------++-------
Melee: Unarmed           |    37 |       |    52 |    72 ||   161
       Kick              |    13 |    14 |     5 |       ||    32
       Constrict         |    13 |    29 |    27 |     1 ||    70
       Tentacles         |     6 |    16 |    28 |       ||    50
       Punch             |     1 |     6 |    12 |       ||    19
       Spear             |     3 |    49 |       |       ||    52
       Falchion          |       |    71 |   154 |     6 ||   231
 Cast: Beastly Appendage |    16 |    29 |     6 |       ||    51
       Spider Form       |       |       |     9 |     6 ||    15
Invok: Curse Item        |       |       |     2 |       ||     2
 Abil: End Transformatio |       |     2 |     2 |       ||     4
  Use: Scroll            |       |     4 |     2 |       ||     6
 Stab: Sleeping          |     3 |     8 |     5 |       ||    16
Armor: Skin              |    10 |     4 |    26 |     3 ||    43
Dodge: Dodged            |    29 |    70 |   143 |    55 ||   297
Block: Buckler           |     1 |    10 |    42 |     2 ||    55
       Other             |       |       |     4 |    12 ||    16
       Reflection        |       |       |     2 |     1 ||     3
